 Dungeon Crawl Stone Soup version 0.23.2-1-ga50397a6bc (webtiles) character file.

Game seed: 9604352598008517420

181 Mrkan the Ruffian (level 5, 0/50 HPs)
             Began as a Troll Monk on May 25, 2019.
             Slain by a quokka skeleton (2 damage)
             ... on level 4 of the Dungeon.
             The game lasted 00:03:56 (2041 turns).

Mrkan the Ruffian (Troll Monk)                      Turns: 2041, Time: 00:03:57

Health: 0/50       AC:  6    Str: 19    XL:     5   Next: 34%
Magic:  4/4        EV: 10    Int:  6    God:
Gold:   166        SH:  0    Dex: 13    Spells: 4/4 levels left

rFire    . . .     SeeInvis .     - Unarmed
rCold    . . .     Gourm    +   (no shield)
rNeg     . . .     Faith    .   a - +0 robe
rPois    .         Spirit   .   (helmet restricted)
rElec    .         Reflect  .   (no cloak)
rCorr    .         Harm     .   (gloves unavailable)
MR       .....                  (boots unavailable)
Stlth    ++........             (no amulet)
HPRegen  0.56/turn              (no ring)
MPRegen  0.09/turn              (no ring)

@: no status effects
A: large, unfitting armour, claws 3, fast metabolism 3, gourmand, regeneration
1, shaggy fur 1, tough skin 3
a: no special abilities


You were on level 4 of the Dungeon.
You were very full.

You visited 1 branch of the dungeon, and saw 4 of its levels.

You collected 166 gold pieces.

Inventory:

Missiles
 c - 71 stones (quivered)
 m - 5 tomahawks
Armour
 a - a +0 robe (worn)
Jewellery
 k - an uncursed ring of fire {unknown}
Scrolls
 d - 2 scrolls of remove curse {unknown}
 f - 2 scrolls of teleportation {unknown}
 g - 2 scrolls of magic mapping {unknown}
 h - a scroll of noise {unknown}
 i - a scroll of amnesia {unknown}
 j - 6 scrolls of identify {unknown}
 s - a scroll of blinking {unknown}
Potions
 e - a potion of heal wounds {unknown}
 l - a potion of ambrosia {unknown}
 n - a potion of curing {unknown}
 o - a potion of invisibility {unknown}
 p - a potion of magic {unknown}
 q - a potion of might {unknown}
 r - a potion of brilliance {unknown}
 t - a potion of berserk rage {unknown}
Comestibles
 b - 4 rations


   Skills:
 - Level 2.4 Fighting
 - Level 2.4 Dodging
 - Level 1.0 Stealth
 * Level 6.1 Unarmed Combat


You had 4 spell levels left.
You didn't know any spells.
Your spell library was empty.

Dungeon Overview and Level Annotations

Branches:
Dungeon (4/15)
 Temple: D:4-7

Altars:

Annotations:
D:4 Grinder


Innate Abilities, Weirdness & Mutations

You are too large for most types of armour.
You have claws for hands.
Your metabolism is lightning-fast.
You like to eat raw meat.
Your natural rate of healing is unusually fast.
You are covered in fur. (AC +1)
You have extremely tough skin. (AC +3)


Message History

Grinder shouts!
The quokka skeleton moves out of view.
You closely miss Grinder. Grinder hits you but does no damage.
You barely miss Grinder. Grinder hits you!
You writhe in agony.
You closely miss Grinder. Grinder gestures at you.
Pain shoots through your body!
You scratch Grinder but do no damage. Grinder gestures at you.
Pain shoots through your body!
* * * LOW HITPOINT WARNING * * *
You claw Grinder!
Grinder is moderately wounded.
Grinder gestures at you. Pain shoots through your body!
* * * LOW HITPOINT WARNING * * *
You claw Grinder!
Grinder is heavily wounded.
The quokka skeleton bites you.
You die...

............#
##...##.##...##
###.###.#.###.##
..........###..###
#######.#.........
#.##...#....
#.##.......
#......#. ####@Z##
#5#.# #.. .. ####
##


You could see Grinder and a quokka skeleton.

Vanquished Creatures
  An orc wizard (D:3)
  A hound (D:4)
  An iguana (D:3)
  2 adders (D:3)
  An ooze (D:4)
  5 worms
  3 orcs (D:3)
  2 ball pythons
  6 bats
  A giant cockroach (D:3)
  8 goblins
  6 hobgoblins
  6 jackals
  6 kobolds
  A quokka (D:3)
  3 frilled lizards
  4 rats
57 creatures vanquished.

Notes
Turn   | Place    | Note
-------+----------+-------------------------------------------
     0 | D:1      | Mrkan the Troll Monk began the quest for the Orb.
     0 | D:1      | Reached XP level 1. HP: 22/22 MP: 0/0
    60 | D:1      | Reached XP level 2. HP: 28/29 MP: 1/1
   648 | D:1      | Reached skill level 4 in Unarmed Combat
   908 | D:2      | Reached XP level 3. HP: 31/36 MP: 2/2
  1590 | D:3      | Reached skill level 5 in Unarmed Combat
  1590 | D:3      | Reached XP level 4. HP: 24/44 MP: 3/3
  1693 | D:3      | Found a faded altar of an unknown god.
  1823 | D:3      | Reached XP level 5. HP: 24/50 MP: 4/4
  2002 | D:4      | Reached skill level 6 in Unarmed Combat
  2034 | D:4      | Noticed Grinder
  2040 | D:4      | HP: 2/50 [Grinder/nerve-wracking pain (14)]
  2041 | D:4      | Slain by a quokka skeleton

Skill      XL: |  1  2  3  4  5 |
---------------+----------------+-----
Unarmed Combat | 4 5 6 |  6.1
Fighting       | |  2.4
Dodging        | |  2.4
Stealth        | |  1.0

Action                   |  1- 3 |  4- 6 || total
-------------------------+-------+-------++-------
Melee: Unarmed           |    98 |    41 ||   139
       Punch             |     3 |     2 ||     5
 Stab: Sleeping          |     1 |     1 ||     2
  Eat: Chunk             |    20 |     2 ||    22
Armor: Robe              |    39 |    11 ||    50
Dodge: Dodged            |    49 |    19 ||    68
